AoeStats
← LE | Dia franptom

Glade

510869627Analyzed
1v1 RM · 16h ago on Oct 2, 2026· 20m 57s· 2 players
Game mode
Random Map
Map size
Tiny (2 player)
Population
200
Speed
Normal
Resources
Standard
Victory
Conquest
Starting age
Dark Age
Ending age
Imperial Age
RankedLock teamsTeams togetherTeam positionsShared explorationLock speedFull tech treeHidden civsTurbo modeCheats
Victory
Defeat
🇵🇪 Danes · Peru
1871
+13
🇬🇧 Malay · United Kingdom
1801
-13
jj1471
9:09 Loom
10:57 Feudal Age
16:06 Castle Age
14:22 Double-Bit Axe
16:20 Horse Collar
17:41 Bow Saw
LE | Dia franptom
7:01 Loom
9:04 Feudal Age
9:16 Man-at-Arms
9:48 Double-Bit Axe
11:05 Horse Collar
19:49 Castle Age
17:42 Gold Mining
18:58 Scale Mail Armor
19:08 Forging
19:52 Long Swordsman
20:39 Squires
Connection lost

Rejoining the realm…

Still unreachable

The connection could not be restored.

Session expired

The server has moved on; the page needs a fresh start.